 Dungeon Crawl Stone Soup version 0.31-a0-133-gaae73658be (webtiles) character file.

Game seed: 520987325999427006

85 Ijustatesigmund the Conjurer (level 4, -2/27 HPs)
             Began as an Octopode Conjurer on June 2, 2023.
             Slain by Sigmund
             ... wielding a +0 scythe
              (10 damage)
             ... on level 3 of the Dungeon.
             The game lasted 00:04:56 (3010 turns).

Ijustatesigmund the Conjurer (Octopode Conjurer)    Turns: 3010, Time: 00:04:57

Health: -2/27      AC:  1    Str:  6    XL:     4   Next: 48%
Magic:  10/10      EV: 13    Int: 22    God:
Gold:   133        SH:  0    Dex: 10    Spells: 4/11 levels left

rFire   . . .        h - +0 short sword
rCold   . . .        (no shield)
rNeg    . . .        (helmet restricted)
rPois   .            (no amulet)
rElec   .            e - ring of wizardry
rCorr   .            (no ring)
SInv    .            (no ring)
Will    .....        (no ring)
Stlth   ++           (no ring)
HPRegen 0.24/turn    (no ring)
MPRegen 0.12/turn    (no ring)
                     (no ring)

%: wizardry (x1)
@: confused, mighty, brilliant
A: almost no armour, amphibious, 8 rings, camouflage 1, gelatinous body 1,
(nimble swimmer 1), tentacles, tentacle spike 1, deterioration 1, MP-powered
wands
a: no special abilities


You were on level 3 of the Dungeon.
You visited 1 branch of the dungeon, and saw 3 of its levels.

You collected 133 gold pieces.

Inventory:

Hand Weapons
 h - a +0 short sword (weapon)
Jewellery
 e - a ring of wizardry (left tentacle)
Wands
 b - a wand of mindburst (19)
Potions
 a - 2 potions of magic
 d - a potion of cancellation {unknown}
 f - 2 potions of might
 i - a potion of lignification


   Skills:
 - Level 2.0 Dodging
 - Level 2.6 Stealth
 - Level 4.0 Spellcasting
 - Level 4.0 Conjurations
 + Level 1.3 Translocations


You had 4 spell levels left.
You knew the following spells:

 Your Spells              Type           Power      Damage    Failure   Level
a - Magic Dart            Conj           100%       1d8       1%          1
b - Searing Ray           Conj           66%        2d6       1%          2
c - Iskenderun's Mystic   Conj/Tloc      24%        2d7       16%         4

Your spell library contained the following spells:

 Spells                   Type           Power      Damage    Failure   Level
 Dazzling Flash           Conj/Hex       38%        N/A       6%          3
 Cigotuvi's Dreadful Rot  Necr/Pois/Air  12%        N/A       7%          2
 Fulminant Prism          Conj/Hex       9%         3d7       19%         4
 Dispel Undead            Necr           6%         3d8       38%         4
 Death Channel            Necr           3%         N/A       99%         6


Dungeon Overview and Level Annotations

Branches:
Dungeon (3/15)

Altars:
Yredelemnul

Annotations:
D:3 Sigmund


Innate Abilities, Weirdness & Mutations

You cannot wear most types of armour.
You are amphibious.
You can wear up to eight rings at the same time.
Your skin changes colour to match your surroundings (Stealth+).
Your rubbery body absorbs attacks. (AC +1, EV +1)
((You are camouflaged when in or above water. (Stealth+)))
You have tentacles for arms and can constrict up to eight enemies at once.
One of your tentacles bears a spike.
Your body sometimes deteriorates upon taking damage.
You expend magic power (3 MP) to strengthen your wands.


Message History

Sigmund casts a spell at you.
You are confused.
Sigmund drinks a potion.
Sigmund suddenly seems more resistant.
You feel very mighty all of a sudden.
Sigmund says, "Your kind have come here before.
I understand now why.
You desire death..."
Sigmund points at you and mumbles some strange words.
The puff of flame misses you.
It was a potion of brilliance.
You feel clever all of a sudden. Sigmund barely misses you.
It was a potion of curing.
You feel better. Sigmund gestures at you while chanting.
You are confused.
You're too confused to cast spells.
Found 11 gold pieces and a potion of curing.
Sigmund closely misses you. Sigmund hits you with a +0 scythe!
Sigmund hits you with a +0 scythe.
You miss Sigmund.
Sigmund is lightly wounded.
You feel less confused.
You barely miss Sigmund. Your grab misses Sigmund. Your squeeze misses Sigmund.
Sigmund is lightly wounded.
Sigmund hits you with a +0 scythe!
* * * LOW HITPOINT WARNING * * *
It was a potion of mutation.
You feel extremely strange.
You feel yourself wasting away.
You feel your magical essence link to the dungeon's wands.
One of your lower tentacles grows a sharp spike.
Sigmund casts a spell at you.
You are confused.
You puncture Sigmund!
Your tentacle spike misses Sigmund.
Sigmund is moderately wounded.
Sigmund gestures at you while chanting. You resist with some effort.
Sigmund looks at you with fury. Sigmund closely misses you.
Sigmund attacks as you move away! Sigmund barely misses you.
Sigmund hits you from afar with a +0 scythe!
You die...

##### #...#######
#.......... ##
##..###...## .#
#...#!##.@## .#
#...##$##..#
.#######....##.@..#
.............#...##
#####...#......†##
#####.#.##.##.$##
...........#####
........##..


PPPPPPP.##.## You could see Sigmund (resistant).

Vanquished Creatures
  An adder (D:3)
  2 gnolls (D:1)
  A worm (D:2)
  2 dart slugs (D:1)
  5 bats
  5 endoplasms
  2 giant cockroaches (D:3)
  3 goblins
  6 hobgoblins
  A kobold (D:1)
  3 quokkas
  5 ball pythons
  6 frilled lizards
  7 rats
49 creatures vanquished.

Notes
Turn   | Place    | Note
-------+----------+-------------------------------------------
     0 | D:1      | Ijustatesigmund the Octopode Conjurer began the quest for
                  | the Orb.
     0 | D:1      | Reached XP level 1. HP: 11/11 MP: 3/3
   125 | D:1      | You fall into a shaft and drop 1 floor!
   156 | D:2      | Found a faded altar of an unknown god.
   340 | D:1      | Reached XP level 2. HP: 17/17 MP: 2/5
   343 | D:1      | Learned a level 2 spell: Searing Ray
   707 | D:1      | Reached XP level 3. HP: 21/21 MP: 5/7
  2065 | D:2      | Reached XP level 4. HP: 27/27 MP: 7/9
  2070 | D:2      | Learned a level 4 spell: Iskenderun's Mystic Blast
  2838 | D:3      | Found a basalt altar of Yredelemnul.
  2882 | D:3      | Reached skill level 1 in Translocations
  2992 | D:3      | Noticed Sigmund
  3006 | D:3      | Gained mutation: Your body sometimes deteriorates upon
                  | taking damage. [potion of mutation]
  3006 | D:3      | Gained mutation: You expend magic power (3 MP) to
                  | strengthen your wands. [potion of mutation]
  3006 | D:3      | Gained mutation: One of your tentacles bears a spike.
                  | [potion of mutation]
  3010 | D:3      | Slain by Sigmund

Illustrated notes

Levels and vault maps discovered:
D:1:      minmay_arrival_jagged, layout_basic
D:2:      layout_loops_corners, ebering_ecumenical_altar_box,
          minmay_strange_pillars
D:3:      layout_basic, mainiacjoe_overflow_cross_hatched, minmay_cupped,
          uniq_sigmund

Skill      XL: |  1  2  3  4 |
---------------+-------------+-----
Spellcasting   | 3 4 |  4.0
Translocations | 1 |  1.3
Dodging        | |  2.0
Stealth        | |  2.6
Conjurations   | |  4.0

Action                     |  1- 3 |  4- 6 || total
---------------------------+-------+-------++-------
  Melee: Unarmed           |    27 |       ||    27
         Tentacles         |     5 |     1 ||     6
         Constrict         |     5 |     2 ||     7
         Short sword       |       |     9 ||     9
   Cast: Magic Dart        |    56 |    28 ||    84
         Searing Ray       |     1 |     2 ||     3
    Use: Scroll            |    11 |       ||    11
         Potion            |       |     4 ||     4
 Armour: Skin              |     8 |       ||     8
  Dodge: Dodged            |    19 |    13 ||    32

Table legend: (Time is in decaauts)
 A = Elapsed time spent in this place.
 B = Non-inter-level travel time spent in this place.
 C = Inter-level travel time spent in this place.
 D = Time resting spent in this place.
 E = Time spent auto-exploring this place.
 F = Levels seen in this place.
 G = Mean time per level.
                   A        B        C        D        E       F      G
               +--------+--------+--------+--------+--------+-----+--------+
         Total |   3008 |   2971 |     37 |    659 |   2012 |   3 | 1002.7 |
       Dungeon |   3008 |   2971 |     37 |    659 |   2012 |   3 | 1002.7 |
               +--------+--------+--------+--------+--------+-----+--------+

Top non-repeatable levels by time:
     D:1: 1378 daAuts
     D:2: 1275 daAuts
     D:3: 354 daAuts
